Match 46021617
Unlisted

Match 46021617
End
Panzerpioneer Squad
Panzerpioneer Squad
Panzerpioneer Squad
250 Light Carrier
Selects Panzerjäger Kommand Battlegroup
Selects Mine Fields
Construct Light Support Kompanie
Assault Grenadier Squad
Selects GrB 39 Grenade Launcher Requisition
Panzerjäger Squad
Assault Mechanized Group
Construct Mechanized Kompanie
Support Armor Elements
StuG III D Assault Gun
2.5-tonne Medical Truck
Selects Early Warning
StuG III D Assault Gun
MG34 Team
Construct Panzerarmee Kommand
Armored Reserves
Selects Butterfly Bomb Drop
Pak 38 Anti-tank Gun Team
Tiger Heavy Tank
Walking Stuka Rocket Launcher
Nostalgi@
_
0
0

Comments sign in to comment!

No comments posted yet!